 Dungeon Crawl Stone Soup version 0.27-a0-1182-gee19b5822f (webtiles) character file.

Game seed: 11437847898822993937

2326 Delamore the Basher (level 9, -1/54 HPs)
             Began as a Gargoyle Fighter on May 18, 2021.
             Slain by a wight
             ... wielding a +4 falchion of freezing
              (3 damage)
             ... on level 6 of the Dungeon.
             The game lasted 00:10:15 (7673 turns).

Delamore the Basher (Gargoyle Fighter)              Turns: 7673, Time: 00:10:16

Health: -1/54      AC: 20    Str: 22    XL:     9   Next: 42%
Magic:  9/9        EV:  5    Int: 16    God:
Gold:   258        SH: 15    Dex:  9    Spells: 8/8 levels left

rFire    . . .     SeeInvis .   E - +1 whip (freeze)
rCold    . . .     Faith    .   c - +0 kite shield
rNeg     + . .     Spirit   .   e - +4 chain mail
rPois    ∞         Reflect  +   (no helmet)
rElec    +         Harm     .   (no cloak)
rCorr    .         Rampage  .   (no gloves)
Will     .....                  B - +0 pair of boots
Stlth    ..........             w - amulet of reflection
HPRegen  0.18/turn              h - +6 ring of intelligence
MPRegen  0.11/turn              (no ring)

@: very slightly contaminated, invisible
A: sickness immunity, AC +6, negative energy resistance 1, electricity
resistance, torment resistance 1, petrification resistance
a: no special abilities


You were on level 6 of the Dungeon.
You visited 1 branch of the dungeon, and saw 6 of its levels.
You also visited: Sewer.

You collected 258 gold pieces.

Inventory:

Hand Weapons
 a - a +0 flail
 E - a +1 whip of freezing (weapon)
Missiles
 r - 2 boomerangs (quivered)
 C - 14 poisoned darts
Armour
 b - a +0 scale mail
 c - a +0 kite shield (worn)
 e - a +4 chain mail (worn)
 B - a +0 pair of boots (worn)
Jewellery
 h - a +6 ring of intelligence (left hand)
 w - an amulet of reflection (around neck)
Wands
 t - a wand of iceblast (6)
 D - a wand of digging (4)
Scrolls
 l - 2 scrolls of magic mapping
 n - 4 scrolls of teleportation
 o - a scroll of blinking {unknown}
 p - a scroll of torment {unknown}
 q - a scroll of vulnerability {unknown}
 s - a scroll of silence {unknown}
 x - a scroll of noise {unknown}
 y - a scroll of enchant weapon
 A - a scroll of fear {unknown}
 F - a scroll of brand weapon {unknown}
 G - a scroll of enchant armour {unknown}
 H - a scroll of identify
Potions
 d - 2 potions of might
 f - 5 potions of haste
 g - 4 potions of flight
 i - a potion of lignification {unknown}
 j - 2 potions of attraction {unknown}
 k - 10 potions of curing
 m - 3 potions of brilliance {unknown}
 v - 4 potions of mutation
 z - a potion of resistance


   Skills:
 - Level 5.0 Fighting
 + Level 11.3 Maces & Flails
 - Level 3.2 Armour
 - Level 5.0 Shields


You had 8 spell levels left.
You didn't know any spells.
Your spell library contained the following spells:

 Spells                   Type           Power      Damage    Failure   Level
 Beastly Appendage        Tmut           0%         N/A       100%        1
 Wereblood                Tmut           0%         N/A       100%        2
 Spider Form              Tmut/Pois      0%         N/A       100%        3
 Ice Form                 Ice/Tmut       0%         N/A       100%        4
 Bolt of Magma            Conj/Fire/Erth 0%         4d4       100%        5
 Hydra Form               Tmut           0%         N/A       100%        5
 Iskenderun's Battlesphe  Conj           0%         2d6       100%        5
 Iron Shot                Conj/Erth      0%         9d1       100%        6
 Orb of Destruction       Conj           0%         N/A       100%        7
 Spellforged Servitor     Conj/Summ      0%         N/A       100%        7


Dungeon Overview and Level Annotations

Branches:
Dungeon (6/15)              Sewer (visited)
 Temple: D:4-7

Altars:
Dithmenos
Elyvilon
The Shining One

Annotations:
D:6 1 runed translucent door, Renjy's ghost, novice VSGl


Innate Abilities, Weirdness & Mutations

You are immune to sickness and miasma.
Your stone body is resilient. (AC +6)
You are immune to poison.
You resist negative energy. (rN+)
You are resistant to electric shocks. (rElec)
You are resistant to unholy torment.
You are immune to petrification.


Message History

You whack the wight!
You destroy the wight!
You hit the wight.
The wight is severely damaged.
You hit the wight but do no damage.
The wight is severely damaged.
You block the wight's attack.
You whack the wight!
You destroy the wight!
You swing at nothing.
You closely miss the wight. The wight hits you but does no damage.
You hit the wight.
The wight is heavily damaged.
You block the wight's attack.
You closely miss the wight.
The wight is heavily damaged.
You hit the wight.
The wight is severely damaged.
The wight hits you with a +4 falchion of freezing!
* * * LOW HITPOINT WARNING * * *
The wight freezes you.
* * * LOW HITPOINT WARNING * * *
You hit the wight but do no damage.
The wight is severely damaged.
The wight closely misses you.
You catch the helpless wight completely off-guard!
You hit the wight.
The wight is almost destroyed.
You barely miss the wight.
The wight is almost destroyed.
The wight hits you with a +4 falchion of freezing.
* * * LOW HITPOINT WARNING * * *
The wight freezes you.
* * * LOW HITPOINT WARNING * * *
Your shield and chain mail prevent you from hitting the wight.
The wight is almost destroyed.
The wight hits you with a +4 falchion of freezing!
* * * LOW HITPOINT WARNING * * *
The wight freezes you.
You die...

#..............
#..............
##.............
##............
#............
#............#
##.#...........#
#####z.#............
#..@zz##.........#..
#########........##.
####........##)
#...........#..
#..............
#..###..........
#..# ##......... ###
#.........
#.........


You could see 3 wights.

Vanquished Creatures
  Pikel (D:5)
  Duvessa (D:5)
  Purgy (Sewer)
  A necrophage (D:4)
  An orc warrior (D:6)
  A sky beast (D:4)
  4 ogres
  A centaur (D:5)
  A lemure (D:6)
  A phantom (D:4)
  Blork the orc (D:5)
  Dowan (D:5)
  A scorpion (D:4)
  A wyvern skeleton (D:6)
  A water moccasin zombie (D:5)
  2 wights (D:6)
  2 hounds
  2 jellies
  3 orc priests
  A centaur skeleton (D:6)
  A bullfrog skeleton (D:4)
  2 iguanas
  An orc wizard (D:3)
  A killer bee zombie (D:6)
  A hound zombie (D:5)
  5 adders
  A shadow imp (D:5)
  A white imp (D:6)
  An adder skeleton (D:4)
  2 worms (D:2)
  5 dart slugs
  14 orcs
  5 endoplasms
  10 giant cockroaches
  5 hobgoblins
  2 quokkas
  7 ball pythons
  5 bats
  15 frilled lizards
  7 goblins
  14 kobolds
  5 rats
138 creatures vanquished.

Vanquished Creatures (others)
  7 plants (D:2)
7 creatures vanquished.

Grand Total: 145 creatures vanquished

Notes
Turn   | Place    | Note
-------+----------+-------------------------------------------
     0 | D:1      | Delamore the Gargoyle Fighter began the quest for the Orb.
     0 | D:1      | Reached XP level 1. HP: 14/14 MP: 1/1
   550 | D:1      | Found a faded altar of an unknown god.
   560 | D:1      | Reached XP level 2. HP: 19/19 MP: 2/2
  1164 | D:2      | Reached XP level 3. HP: 24/24 MP: 3/3
  1519 | D:2      | Reached skill level 3 in Maces & Flails
  1519 | D:2      | Reached XP level 4. HP: 19/29 MP: 4/4
  2171 | D:3      | Reached XP level 5. HP: 34/34 MP: 5/5
  2387 | D:3      | Found a glowing golden altar of the Shining One.
  3281 | D:4      | Reached XP level 6. HP: 39/40 MP: 6/6
  3308 | D:4      | Reached skill level 5 in Fighting
  3308 | D:4      | Reached skill level 4 in Maces & Flails
  3308 | D:4      | Reached skill level 5 in Shields
  3412 | D:4      | Noticed a necrophage
  3434 | D:4      | Killed a necrophage
  3435 | D:4      | Reached skill level 5 in Maces & Flails
  3734 | D:4      | Reached XP level 7. HP: 44/44 MP: 7/7
  3758 | D:4      | Found a shadowy altar of Dithmenos.
  4532 | D:4      | Reached skill level 6 in Maces & Flails
  5138 | D:5      | Entered Level 5 of the Dungeon
  5155 | D:4      | Reached skill level 7 in Maces & Flails
  5212 | D:5      | Noticed Blork the orc
  5263 | D:5      | Found a glowing drain.
  5287 | Sewer    | Entered a sewer
  5350 | Sewer    | Noticed Purgy
  5389 | Sewer    | Killed Purgy
  5390 | Sewer    | Reached XP level 8. HP: 27/49 MP: 8/8
  5946 | D:5      | Noticed Dowan
  5948 | D:5      | Reached skill level 8 in Maces & Flails
  5949 | D:5      | Noticed Duvessa
  5970 | D:5      | Killed Duvessa
  5972 | D:5      | Killed Dowan
  6214 | D:5      | Killed Blork the orc
  6215 | D:5      | Reached skill level 9 in Maces & Flails
  6583 | D:6      | Found a white marble altar of Elyvilon.
  6887 | D:6      | Found a runed translucent door.
  6890 | D:6      | Noticed Renjy's ghost (novice VSGl)
  7042 | D:6      | Reached skill level 10 in Maces & Flails
  7051 | D:6      | HP: 2/49 [ogre/+0 giant club (19)]
  7056 | D:6      | Reached XP level 9. HP: 3/54 MP: 9/9
  7421 | D:6      | Noticed Pikel
  7477 | D:5      | Killed Pikel
  7478 | D:5      | Reached skill level 11 in Maces & Flails
  7673 | D:6      | HP: 2/54 [wight/+4 falchion of freezing (7)]
  7673 | D:6      | Slain by a wight

Illustrated notes

Levels and vault maps discovered:
D:1:      nicolae_arrival_washed_ashore, layout_basic,
          hellmonk_ecumenical_altar_leap_of_faith
D:2:      layout_basic, minmay_lizard_king
D:3:      layout_rooms, nicolae_tso_carved_into_rock
D:4:      layout_loops_ring, general_overflow_altar
D:5:      layout_loops_ring, portal_sewer_entry_f, uniq_duvessa,
          uniq_blork_the_orc
D:6:      layout_layer_cave, lemuel_doored_altar, ebering_ghost_sewer_d,
          serial_shops, shop, kennysheep_dice, uniq_pikel

Skill      XL: |  1  2  3  4  5  6  7  8  9 |
---------------+----------------------------+-----
Shields        | 4 5 |  5.0
Fighting       | 4 5 |  5.0
Maces & Flails | 3 5 7 10 11 | 11.3
Armour         | |  3.2

Action                   |  1- 3 |  4- 6 |  7- 9 || total
-------------------------+-------+-------+-------++-------
Melee: Flail             |   143 |   192 |   316 ||   651
       Whip              |       |       |    63 ||    63
Throw: Boomerang         |       |       |    10 ||    10
Evoke: Wand              |       |       |     1 ||     1
  Use: Scroll            |       |     1 |     8 ||     9
       Potion            |       |       |     2 ||     2
 Stab: Invisible         |       |       |     2 ||     2
Armor: Chain mail        |   103 |   126 |   205 ||   434
       Scale mail        |     8 |       |       ||     8
Dodge: Dodged            |    41 |    41 |    76 ||   158
Block: Kite shield       |    76 |   111 |   254 ||   441
       Reflection        |       |       |     4 ||     4

Table legend: (Time is in decaauts)
 A = Elapsed time spent in this place.
 B = Non-inter-level travel time spent in this place.
 C = Inter-level travel time spent in this place.
 D = Time resting spent in this place.
 E = Time spent auto-exploring this place.
 F = Levels seen in this place.
 G = Mean time per level.
                   A        B        C        D        E       F      G
               +--------+--------+--------+--------+--------+-----+--------+
         Total |   7892 |   7551 |    341 |   1839 |   4079 |   7 | 1127.4 |
       Dungeon |   7524 |   7183 |    341 |   1839 |   3803 |   6 | 1254.0 |
         Sewer |    367 |    367 |      0 |      0 |    276 |   1 |  367.0 |
               +--------+--------+--------+--------+--------+-----+--------+

Top non-repeatable levels by time:
     D:4: 2198 daAuts
     D:3: 1191 daAuts
     D:6: 1179 daAuts
     D:1: 1142 daAuts
     D:2: 1051 daAuts
     D:5: 761 daAuts
   Sewer: 367 daAuts
